 Dungeon Crawl Stone Soup version 0.31-a0-1587-gdf1f1dc (webtiles) character file.

Game seed: 16679840054856314544

242336 wqsa789 the Acrobat (level 18, -3/104 HPs)
             Began as a Spriggan Hunter on Jan 5, 2024.
             Was an Initiate of Gozag.
             Slain by a +1 heavy glaive (28 damage)
             ... on level 2 of the Elven Halls.
             The game lasted 00:56:33 (30052 turns).

wqsa789 the Acrobat (Spriggan Hunter)              Turns: 30052, Time: 00:56:34

Health: -3/104     AC:  9    Str:  6 (7)  XL:     18   Next: 53%
Magic:  0/24       EV: 42    Int: 10 (11) God:    Gozag
Gold:   5954       SH:  5    Dex: 26 (27) Spells: 17/17 levels left

rFire   + . .        p - +3 hand cannon (drain)
rCold   + . .        Q - +0 buckler
rNeg    . . .        o - +5 moon troll leather armour {Spirit, Regen++ MP+5}
rPois   +            M - +0 hat "Haseveyj" {Fly}
rElec   +            R - +0 cloak
rCorr   .            (gloves unavailable)
SInv    +            (boots unavailable)
Will    +++++        b - amulet "Vufer" {Acrobat +Blink rElec rPois Str-2}
Stlth   ++           C - ring of the Fortifying Queen {rF+ Str+2 Dex+3}
HPRegen 1.97/turn    L - ring "Yledy" {*Slow rC+ Will++ Slay+4}
MPRegen 0.19/turn

%: slow self (1%), acrobat, guardian spirit
@: gold aura, flying, very quick
A: very small, no large weapons, unfitting armour, see invisible, speed 3,
clumsy 1, deterioration 1
}: 1/15 runes: gossamer
a: Renounce Religion, Evoke Blink, Potion Petition, Call Merchant, Bribe Branch


You were on level 2 of the Elven Halls.
You worshipped Gozag.
Gozag was greatly pleased with you.
You visited 5 branches of the dungeon, and saw 28 of its levels.
You also visited: Wizlab.

You collected 13155 gold pieces.
You spent 3581 gold pieces at shops.
You paid 3620 gold pieces to Gozag.

Inventory:

Hand Weapons
 p - a +3 hand cannon of draining (weapon)
Missiles
 y - 2 throwing nets
Armour
 n - the +4 skin of Zhor {*Englaciate rC+++ SInv}
   (You found it on level 1 of the Lair of Beasts)

   *Englaciate: It radiates cold, occasionally slowing all nearby creatures who
   are not resistant to cold.
   rC+++:     It renders you almost immune to cold.
   SInv:      It lets you see invisible.
 o - the +5 moon troll leather armour (worn) {Spirit, Regen++ MP+5}
   (You took it off a moon troll in a wizard's laboratory)

   MP+5:      It affects your magic capacity (+5).
   Regen++:   It increases your rate of health regeneration.
 J - the +3 robe of Boir {rElec rC- Will++ Dex+3}
   (You bought it in a shop on level 10 of the Dungeon)

   Dex+3:     It affects your dexterity (+3).
   rC-:       It makes you vulnerable to cold.
   rElec:     It insulates you from electricity.
   Will++:    It greatly increases your willpower.
 M - the +0 hat "Haseveyj" (worn) {Fly}
   (You found it on level 4 of the Spider Nest)

   Fly:       It grants you flight.
 Q - a +0 buckler (worn)
 R - a +0 cloak (worn)
Jewellery
 b - the amulet "Vufer" (around neck) {Acrobat +Blink rElec rPois Str-2}
   (You bought it in a shop on level 15 of the Dungeon)

   [amulet of the acrobat]

   Acrobat:   It increases your evasion while moving and waiting.
   Str-2:     It affects your strength (-2).
   rElec:     It insulates you from electricity.
   rPois:     It protects you from poison +Blink: It lets you blink.
 A - a ring of the Octopus King {rN+ HP+2 AC+2 EV+2 SH+2}
   (You found it on level 3 of the Spider Nest)

   [ring of positive energy]

   AC+2:      It affects your AC (+2).
   EV+2:      It affects your evasion (+2).
   rN+:       It protects you from negative energy.
   HP+2:      It affects your health (+2).
   SH+2:      It affects your SH (+2).
 C - the ring of the Fortifying Queen (left hand) {rF+ Str+2 Dex+3}
   (You bought it in a shop on level 9 of the Dungeon)

   [ring of protection from fire]

   Str+2:     It affects your strength (+2).
   Dex+3:     It affects your dexterity (+3).
   rF+:       It protects you from fire.
 D - a ring of willpower
 K - an amulet of the acrobat
 L - the ring "Yledy" (right hand) {*Slow rC+ Will++ Slay+4}
   (You bought it in a shop on level 9 of the Dungeon)

   [ring of slaying]

   Slay+4:    It affects your accuracy & damage with ranged weapons and melee
   (+4).
   rC+:       It protects you from cold.
   Will++:    It greatly increases your willpower.
   *Slow:     It may slow you when you take damage.
Wands
 h - a wand of polymorph (7)
 k - a wand of digging (11)
 l - a wand of paralysis (42)
 m - a wand of iceblast (45)
 U - a wand of light (18)
Scrolls
 e - 7 scrolls of vulnerability
 f - 11 scrolls of teleportation
 i - 4 scrolls of poison
 q - a scroll of noise
 r - a scroll of amnesia
 v - 2 scrolls of silence
 w - 4 scrolls of enchant armour
 z - 2 scrolls of fog
 E - 3 scrolls of revelation
 H - 3 scrolls of identify
 N - a scroll of immolation
 O - 2 scrolls of blinking
 P - 2 scrolls of fear
Potions
 a - 2 potions of enlightenment
 c - 3 potions of mutation
 d - 8 potions of curing
 g - 7 potions of attraction
 j - 2 potions of heal wounds
 s - 4 potions of haste
 t - 6 potions of cancellation
 u - 7 potions of ambrosia
 x - 5 potions of might
 B - 8 potions of invisibility
 G - 3 potions of resistance
 I - 3 potions of brilliance
 X - 2 potions of lignification
 Y - a potion of magic {unknown}
Miscellaneous
 F - a phantom mirror (inert)
 V - a phial of floods
 W - a condenser vane


   Skills:
 - Level 15.0 Fighting
 + Level 23.8 Ranged Weapons
 + Level 24.3 Dodging
 - Level 1.5 Stealth


You had 17 spell levels left.
You didn't know any spells.
Your spell library contained the following spells:

 Spells                   Type           Power      Damage    Failure   Level
 Kiss of Death            Conj/Necr      0%         2d5       71%         1
 Necrotise                Necr           0%         1d4       71%         1
 Call Imp                 Summ           0%         N/A       85%         2
 Sublimation of Blood     Necr           0%         N/A       85%         2
 Call Canine Familiar     Summ           0%         N/A       97%         3
 Confusing Touch          Hex            0%         N/A       97%         3
 Hailstorm                Conj/Ice       0%         3d5       97%         3
 Sigil of Binding         Hex            0%         N/A       97%         3
 Stone Arrow              Conj/Erth      0%         3d7       97%         3
 Teleport Other           Tloc           0%         N/A       97%         3
 Animate Armour           Summ/Erth      0%         N/A       100%        4
 Dimensional Bullseye     Hex/Tloc       0%         N/A       100%        4
 Dispel Undead            Necr           0%         3d6       100%        4
 Flame Wave               Conj/Fire      0%         2d4       100%        4
 Iskenderun's Mystic Bla  Conj/Tloc      0%         2d3       100%        4
 Manifold Assault         Tloc           0%         N/A       100%        4
 Summon Lightning Spire   Summ/Air       0%         N/A       100%        4
 Lee's Rapid Deconstruct  Erth           0%         3d4*      100%        5
 Summon Forest            Summ/Tloc      0%         N/A       100%        5
 Summon Mana Viper        Hex/Summ       0%         N/A       100%        5
 Bombard                  Conj/Erth      0%         9d1       100%        6
 Dispersal                Tloc           0%         N/A       100%        6
 Summon Cactus Giant      Summ           0%         N/A       100%        6
 Malign Gateway           Summ/Tloc      0%         N/A       100%        7
 Summon Hydra             Summ           0%         N/A       100%        7
 Lehudib's Crystal Spear  Conj/Erth      0%         10d2      100%        8


Dungeon Overview and Level Annotations

Branches:
Dungeon (15/15)            Temple (0/1) D:7            Lair (5/5) D:9
 Shoals (0/4) Lair:2       Spider (4/4) Lair:2        Slime (0/5) Lair:4
    Orc (2/2) D:10            Elf (2/3) Orc:2        Vaults (0/5) D:13
 Depths (0/4) D:15         WizLab (visited)

Altars:
Ashenzari
Cheibriados
Elyvilon
Fedhas
Gozag
Nemelex Xobeh
Sif Muna
Xom
Yredelemnul
Zin
The Shining One

Shops:
D:2 (   D:5 *   D:8 [   D:9 =   D:10 [   D:12 [   D:15 =   Orc:1 *[*
Orc:2 [(!!   Elf:1 :   Lair:5 [

Annotations:
D:12 2 transporters, roomforsquares's ghost, journeyman TrFi
Lair:1 exclusion: oklob plant


Innate Abilities, Weirdness & Mutations

You are very small and have problems with some larger weapons.
You are too small for most types of armour.
You have supernaturally acute eyesight. (SInv)
You cover ground extremely quickly. (Speed+++)
You are clumsy. (Dex -2)
Your body sometimes deteriorates upon taking damage.


Message History

The deep elf zephyrmancer blinks!
The +1 glaive of holy wrath hits you from afar!!
Your body deteriorates!
You feel dopey.
The deep elf archer casts a spell.
The deep elf archer blinks!
You shoot a bolt.
The bolt hits the deep elf zephyrmancer!
You drain the deep elf zephyrmancer.
The deep elf zephyrmancer is almost dead.
The +1 glaive of holy wrath hits you from afar!
The deep elf zephyrmancer completely misses you.
You shoot a bolt.
The bolt hits the deep elf zephyrmancer!!!
You kill the deep elf zephyrmancer!
The +1 glaive of holy wrath completely misses you.
The deep elf zephyrmancer gestures at you while chanting.
The bolt of lightning hits the +1 glaive of holy wrath.
The +1 glaive of holy wrath completely resists.
The bolt of lightning misses you. x2
The +1 glaive of holy wrath completely misses you.
You shoot a bolt.
The bolt hits the +1 glaive of holy wrath!
The +1 glaive of holy wrath is heavily damaged.
The +1 glaive of holy wrath hits you from afar!!
* * * LOW HITPOINT WARNING * * *
Your body deteriorates!
You feel clumsy.
You shoot a bolt.
The bolt hits the +1 glaive of holy wrath!!
The +1 glaive of holy wrath turns to gold and falls from the air.
The deep elf zephyrmancer points at you and mumbles some strange words.
The bolt of lightning hits the +1 heavy glaive.
The +1 heavy glaive completely resists.
The bolt of lightning misses you. x2
The deep elf archer gestures wildly while chanting.
The deep elf archer blinks!
The deep elf zephyrmancer points at you and mumbles some strange words.
The bolt of lightning misses the +1 heavy glaive.
The bolt of lightning misses you. x2
The +1 heavy glaive hits you from afar!!
You die...
Your body crumbles into a pile of gold.

+.......'......
#......)#######
#...[...#
###...###
##)#### ##.##
##.## ##°##
##@## #☼##
.....§(##
.....$. .....e.
....... .......
.....(. .......


You could see a deep elf zephyrmancer and a +1 heavy glaive.

Vanquished Creatures
  Norris (Elf:1)
  Rupert (D:13)
  A moon troll (WizLab)
  3 quicksilver dragons (WizLab)
  7 tentacled starspawn (WizLab)
  Agnes (D:15)
  Kirke (D:15)
  Roxanne (D:15)
  4 emperor scorpions
  A cacodemon (WizLab)
  4 ghost moths
  A broodmother (Spider:1)
  2 stone giants (WizLab)
  Azrael (D:12)
  A deep elf demonologist (Elf:1)
  A war gargoyle (WizLab)
  5 spark wasps
  2 fire dragons
  6 entropy weavers
  A rakshasa (D:15)
  3 great orbs of eyes (WizLab)
  A vault guard (D:13)
  An ice dragon (D:15)
  Fannar (D:11)
  2 catoblepae
  3 ogre magi
  8 hydras
  4 centaur warriors
  An ironbound frostheart (D:13)
  9 dancing weapons
  7 death yaks (Lair:5)
  6 radroaches
  8 boulder beetles
  3 tengu warriors (D:12)
  16 two-headed ogres
  An orc high priest (Orc:1)
  9 demonic crawlers
  Sonja (D:12)
  5 deep elf knights
  5 pharaoh ants
  2 skysharks (Elf:1)
  8 glowing orange brains (WizLab)
  7 orb spiders
  An orange crystal statue (WizLab)
  3 skeletal warriors (D:13)
  A sun moth (Spider:3)
  3 deep elf archers (Elf:1)
  2 deep trolls (Orc:2)
  2 lindwurms
  4 steelbarb worms
  23 deep elf pyromancers
  6 cyclopes
  13 deep elf zephyrmancers
  3 orc knights
  3 ugly things
  25 wolf spiders
  4 manticores
  3 moths of wrath
  3 meliai (Spider:3)
  A kobold blastminer (Orc:2)
  10 eyes of devastation (WizLab)
  5 black mambas
  14 elephants
  3 torpor snails
  A water nymph (shapeshifter) (Elf:1)
  2 molten gargoyles (Lair:5)
  3 gargoyles
  10 cane toads
  6 rime drakes
  Maggie (D:7)
  Jeremiah (D:7)
  2 kobold demonologists (D:12)
  2 unseen horrors
  Psyche (D:12)
  An efreet (D:15)
  14 komodo dragons
  A tengu conjurer (D:12)
  3 merfolk (Lair:2)
  15 trolls
  10 polar bears
  4 hornets (Spider:4)
  34 tarantellas
  10 blink frogs
  2 slime creatures (D:12)
  21 culicivoras
  31 jumping spiders
  A centaur simulacrum (D:12)
  A vampire (D:13)
  4 wraiths
  An air elemental (Elf:1)
  16 wyverns
  3 fire elementals
  74 yaks
  2 humans (D:13)
  17 vampire mosquitoes
  Grum (D:11)
  5 basilisks
  4 wargs
  3 hogs (D:15)
  16 starcursed masses (WizLab)
  6 golden eyes (WizLab)
  A human (shapeshifter) (D:14)
  54 redbacks
  4 steam dragons
  A neqoxec (WizLab)
  An acid dragon (D:11)
  10 water moccasins
  8 hell hounds
  21 orc warriors
  3 sky beasts
  8 black bears
  20 wolves
  9 centaurs
  22 ogres
  4 boggarts (D:15)
  A phantom (D:3)
  A kobold brigand (D:7)
  13 bullfrogs
  3 earth elementals
  4 killer bees (D:9)
  10 howler monkeys
  9 electric eels
  4 lava snakes (Lair:5)
  4 crimson imps (D:10)
  5 bombardier beetles
  A jelly (D:6)
  14 orc priests
  6 hounds
  A sleepcap (D:7)
  A gnoll bouda (D:8)
  An iguana (D:5)
  18 orc wizards
  7 hell rats (D:14)
  4 gnolls (D:8)
  7 adders
  2 white imps
  2 dart slugs (D:1)
  3 ribbon worms (D:2)
  60 orcs
  7 bats
  6 endoplasms
  3 giant cockroaches
  7 goblins
  8 hobgoblins
  7 jackals
  3 quokkas
  12 ball pythons
  6 frilled lizards
  10 kobolds
  8 rats
  2 starspawn tentacles (WizLab)
1043 creatures vanquished.

Vanquished Creatures (collateral kills)
  An emperor scorpion (Spider:4)
  A spark wasp (Spider:4)
  An entropy weaver (Spider:1)
  A molten gargoyle (Lair:5)
  A tarantella (Spider:1)
  A jumping spider (Spider:1)
  A wyvern (Lair:5)
  A fire elemental (D:12)
  A steam dragon (Lair:5)
  2 ogres (Orc:2)
  An orc (Orc:1)
12 creatures vanquished.

Vanquished Creatures (others)
  2 deep elf knights
  A human (D:15)
  A yak (Lair:2)
  22 starspawn tentacles (WizLab)
26 creatures vanquished.

Grand Total: 1081 creatures vanquished

Notes
Turn   | Place    | Note
-------+----------+-------------------------------------------
     0 | D:1      | wqsa789 the Spriggan Hunter began the quest for the Orb.
     0 | D:1      | Reached XP level 1. HP: 10/10 MP: 2/2
   129 | D:1      | Reached XP level 2. HP: 15/15 MP: 3/3
   572 | D:1      | Reached XP level 3. HP: 18/18 MP: 4/4
   774 | D:2      | Found Veic's Weapon Boutique.
  1112 | D:2      | Reached XP level 4. HP: 21/23 MP: 5/5
  1374 | D:2      | Reached skill level 5 in Ranged Weapons
  1972 | D:3      | Noticed a phantom
  1988 | D:3      | Killed a phantom
  1989 | D:3      | Reached XP level 5. HP: 8/28 MP: 6/6
  2169 | D:3      | Found a shimmering blue altar of Sif Muna.
  2530 | D:4      | Found a glowing silver altar of Zin.
  2629 | D:4      | Identified the +6 trident "Voucooj" {vamp, *Slow +Blink
                  | Will++ Int+3}
  2923 | D:4      | Found an opulent altar of Gozag.
  2949 | D:5      | Entered Level 5 of the Dungeon
  2953 | D:5      | Reached XP level 6. HP: 33/33 MP: 7/7
  3000 | D:5      | Found a broken altar of Ashenzari.
  3000 | D:5      | Found Habb's Lightly-Used Armoury.
  3005 | D:5      | Bought a -1 hand cannon for 1 gold piece
  3061 | D:4      | Became a worshipper of Gozag Ym Sagoz the Greedy
  3209 | D:5      | Reached XP level 7. HP: 25/38 MP: 8/8
  3785 | D:6      | Reached skill level 5 in Fighting
  3886 | D:6      | Noticed a steam dragon
  3896 | D:6      | Killed a steam dragon
  4242 | D:6      | Reached XP level 8. HP: 44/44 MP: 9/9
  4569 | D:7      | Noticed Maggie
  4604 | D:7      | Killed Maggie
  4828 | D:7      | Found a snail-covered altar of Cheibriados.
  4972 | D:7      | Noticed Jeremiah
  4978 | D:7      | Killed Jeremiah
  4979 | D:7      | Reached XP level 9. HP: 22/50 MP: 10/10
  5329 | D:7      | Found a sparkling altar of Nemelex Xobeh.
  5339 | D:7      | Found a staircase to the Ecumenical Temple.
  5569 | D:8      | Noticed an unseen horror
  5571 | D:8      | Killed an unseen horror
  5572 | D:8      | Reached skill level 10 in Ranged Weapons
  5647 | D:8      | Found a glowing golden altar of the Shining One.
  6197 | D:9      | Noticed a troll
  6232 | D:9      | Killed a troll
  6468 | D:9      | Identified the +3 flail "Atey" {protect, rElec}
  6492 | D:9      | Found a staircase to the Lair.
  6696 | D:9      | Reached XP level 10. HP: 57/57 MP: 11/11
  6888 | D:9      | Noticed a two-headed ogre
  6891 | D:9      | Killed a two-headed ogre
  7205 | D:9      | Found a basalt altar of Yredelemnul.
  7252 | D:9      | Identified a scroll of acquirement
  7287 | D:9      | Acquired 979 gold pieces
  7451 | D:9      | Found a blossoming altar of Fedhas.
  7454 | D:9      | Bought the ring of the Fortifying Queen {rF+ Str+2 Dex+3}
                  | for 510 gold pieces
  7471 | D:10     | Entered Level 10 of the Dungeon
  7631 | D:10     | Found a staircase to the Orcish Mines.
  7650 | D:10     | Noticed a two-headed ogre
  7653 | D:10     | Killed a two-headed ogre
  7654 | D:10     | Reached skill level 10 in Fighting
  7711 | D:10     | Noticed a gargoyle
  7713 | D:10     | Killed a gargoyle
  7777 | D:10     | Noticed a boulder beetle
  7783 | D:10     | Killed a boulder beetle
  7784 | D:10     | Reached XP level 11. HP: 64/64 MP: 12/12
  7867 | D:10     | Found a white marble altar of Elyvilon.
  7960 | D:10     | Found a shimmering altar of Xom.
  8080 | D:10     | Found Jubb's Antique Armour Shop.
  8083 | D:10     | Bought a distressingly furry robe for 182 gold pieces
  8083 | D:10     | Identified the +3 robe of Boir {rElec rC- Will++ Dex+3}
                  | (You bought it in a shop on level 10 of the Dungeon)
  8149 | Orc:1    | Entered Level 1 of the Orcish Mines
  8149 | Orc:1    | Found Ofoymn's General Store.
  8149 | Orc:1    | Found Astog's Armour Shoppe.
  8163 | Orc:1    | Noticed an orc high priest
  8184 | Orc:1    | Noticed an orc knight
  8188 | Orc:1    | Killed an orc knight
  8245 | Orc:1    | Found Quune's Assorted Antiques.
  8272 | Orc:1    | Killed an orc high priest
  8446 | Orc:1    | Noticed a two-headed ogre
  8479 | Orc:1    | Killed a two-headed ogre
  8824 | Orc:1    | Reached skill level 3 in Dodging
  8946 | Orc:1    | Found Etianomu's Assorted Antiques.
  8951 | Orc:1    | Bought a +2 hat for 256 gold pieces
  8969 | Orc:1    | Bought a scroll of teleportation for 81 gold pieces
  9010 | Orc:2    | Entered Level 2 of the Orcish Mines
  9010 | Orc:2    | Noticed an orc knight
  9088 | Orc:2    | Noticed an orc knight
  9134 | Orc:2    | Killed an orc knight
  9135 | Orc:2    | Reached skill level 4 in Dodging
  9345 | Orc:2    | Killed an orc knight
  9346 | Orc:2    | Reached skill level 5 in Dodging
  9460 | Orc:2    | Reached skill level 6 in Dodging
  9500 | Orc:2    | Reached XP level 12. HP: 70/70 MP: 13/13
  9534 | Orc:2    | Noticed a two-headed ogre
  9537 | Orc:2    | Killed a two-headed ogre
  9538 | Orc:2    | Reached skill level 7 in Dodging
  9566 | Orc:2    | Noticed a two-headed ogre
  9568 | Orc:2    | Killed a two-headed ogre
  9568 | Orc:2    | Noticed a two-headed ogre
  9572 | Orc:2    | Killed a two-headed ogre
  9573 | Orc:2    | Reached skill level 8 in Dodging
  9580 | Orc:2    | Found Hihuucsi's Distillery.
  9580 | Orc:2    | Found Sozogify's Distillery.
  9583 | Orc:2    | Found Nuth's Antique Weapon Shoppe.
  9612 | Orc:2    | Noticed a two-headed ogre
  9616 | Orc:2    | Killed a two-headed ogre
  9617 | Orc:2    | Reached skill level 15 in Ranged Weapons
  9727 | Orc:2    | Bought a potion of haste for 120 gold pieces
  9727 | Orc:2    | Bought a potion of heal wounds for 60 gold pieces
  9727 | Orc:2    | Bought a potion of haste for 120 gold pieces
  9727 | Orc:2    | Bought a potion of curing for 36 gold pieces
  9727 | Orc:2    | Bought a potion of curing for 36 gold pieces
  9733 | Orc:2    | Found Muhuso's Antique Armour Emporium.
  9738 | Orc:2    | Bought 2 potions of heal wounds for 100 gold pieces
  9738 | Orc:2    | Bought a potion of resistance for 100 gold pieces
  9759 | Orc:2    | Noticed a two-headed ogre
  9762 | Orc:2    | Killed a two-headed ogre
  9763 | Orc:2    | Reached skill level 9 in Dodging
  9763 | Orc:2    | Noticed a two-headed ogre
  9767 | Orc:2    | Killed a two-headed ogre
  9770 | Orc:2    | Noticed an ogre mage
  9771 | Orc:2    | Noticed a two-headed ogre
  9904 | Orc:2    | Reached skill level 10 in Dodging
 10047 | Orc:2    | Noticed an ogre mage
 10060 | Orc:2    | Killed an ogre mage
 10114 | Orc:2    | Bought a twisted robe for 165 gold pieces
 10114 | Orc:2    | Identified the +0 robe "Qitoemag" {Rampage *Corrode rPois
                  | Will+} (You bought it in a shop on level 2 of the Orcish
                  | Mines)
 10122 | Orc:2    | Killed a two-headed ogre
 10123 | Orc:2    | Reached skill level 11 in Dodging
 10129 | Orc:2    | Noticed a two-headed ogre
 10157 | Orc:2    | Killed a two-headed ogre
 10169 | Orc:2    | Killed an ogre mage
 10329 | Orc:2    | Found a staircase to the Elven Halls.
 10534 | D:9      | Bought the ring "Yledy" {*Slow rC+ Will++ Slay+4} for 1202
                  | gold pieces
 10575 | Lair:1   | Entered Level 1 of the Lair of Beasts
 10603 | Lair:1   | Reached XP level 13. HP: 74/74 MP: 14/14
 10646 | Lair:1   | Got Lom Lobon's Meditations on Topology
 10738 | Lair:1   | Reached skill level 12 in Dodging
 11031 | Lair:1   | Found the +4 skin of Zhor {*Englaciate rC+++ SInv}
 11180 | Lair:1   | Reached skill level 13 in Dodging
 12103 | Lair:2   | Found a hole to the Spider Nest.
 12192 | Lair:2   | Found a staircase to the Shoals.
 12202 | Lair:2   | Reached skill level 14 in Dodging
 12944 | Lair:3   | You fall into a shaft and drop 2 floors!
 12944 | Lair:5   | Entered Level 5 of the Lair of Beasts
 13082 | Lair:5   | Found a large runed translucent door.
 13082 | Lair:5   | Found a large runed translucent door.
 13130 | Lair:5   | Noticed a fire dragon
 13189 | Lair:5   | Reached skill level 15 in Dodging
 13324 | Lair:5   | Reached XP level 14. HP: 79/79 MP: 15/15
 13641 | Lair:5   | Reached skill level 16 in Dodging
 14616 | Lair:5   | Got an earthy gem with 733 turns to spare
 14843 | Lair:4   | Reached skill level 17 in Dodging
 15566 | Lair:4   | Found a staircase to the Slime Pits.
 15627 | Lair:4   | Lost the earthy gem through the power of Zot.Gained a life
                  | (3 lives remaining)
 16457 | D:11     | Noticed Grum
 16461 | D:11     | Killed Grum
 16771 | D:11     | Noticed Fannar
 16788 | D:11     | Killed Fannar
 16789 | D:11     | Reached skill level 18 in Dodging
 17197 | D:12     | Noticed Sonja
 17198 | D:12     | Killed Sonja
 17223 | D:12     | Noticed Azrael
 17227 | D:12     | Reached XP level 15. HP: 85/85 MP: 16/16
 17233 | D:12     | Killed Azrael
 17408 | D:12     | Found Kececw's Armour Emporium.
 17447 | D:12     | Noticed Psyche
 17449 | D:12     | Killed Psyche
 17629 | D:12     | HP: 4/85 [burnt (7)]
 17630 | D:12     | HP: 1/85 [burnt (3)]
 18012 | D:12     | Found a transporter.
 18012 | D:12     | Noticed roomforsquares's ghost (journeyman TrFi)
 18068 | D:12     | Found a transporter.
 18102 | D:13     | Reached skill level 19 in Dodging
 18421 | D:13     | Noticed Rupert
 18427 | D:13     | Killed Rupert
 18670 | D:13     | Found a gate to the Vaults.
 19284 | D:14     | Reached skill level 20 in Dodging
 19523 | D:15     | Entered Level 15 of the Dungeon
 19781 | D:15     | Noticed Kirke
 19786 | D:15     | Noticed Agnes
 19794 | D:15     | Killed Kirke
 19801 | D:15     | Killed Agnes
 19969 | D:15     | Reached XP level 16. HP: 84/93 MP: 17/17
 20151 | D:15     | Found a staircase to the Depths.
 20163 | D:15     | Got a smoky gem with 351 turns to spare
 20213 | D:15     | Noticed Roxanne
 20226 | D:15     | Killed Roxanne
 20570 | D:15     | Bought the amulet "Vufer" {Acrobat +Blink rElec rPois
                  | Str-2} for 612 gold pieces
 20576 | D:15     | Lost the smoky gem through the power of Zot.Gained a life
                  | (0 lives remaining)
 20794 | Spider:1 | Entered Level 1 of the Spider Nest
 21029 | Spider:1 | Reached skill level 21 in Dodging
 21491 | Spider:1 | Identified the +5 falchion of Amortisation {spect, rC+
                  | Int+3}
 21710 | Spider:1 | Acquired a manual of Ranged Weapons
 22427 | Spider:2 | Reached skill level 15 in Fighting
 22563 | Spider:2 | Identified the +8 war axe "Demonbane" {drain, Int+2}
 23064 | Spider:3 | Found the ring of the Octopus King
 23773 | Spider:3 | Reached XP level 17. HP: 87/99 MP: 18/18
 24113 | Spider:3 | Identified a ring of the Octopus King {rN+ HP+2 AC+2 EV+2
                  | SH+2}
 24324 | Spider:4 | Entered Level 4 of the Spider Nest
 25175 | Spider:4 | Reached skill level 22 in Dodging
 25377 | Spider:4 | Found the +3 pair of seven-league boots {Rampage+∞}
 25779 | Spider:4 | Identified the +0 hat "Haseveyj" {Fly}
 25814 | Spider:4 | Identified the +1 pair of boots of the Volcano {Will+}
 25820 | Spider:4 | Got a gossamer rune of Zot
 26331 | Elf:1    | Entered Level 1 of the Elven Halls
 26535 | Elf:1    | Found Xusaoleblu's Book Emporium.
 26540 | Elf:1    | Found a magical portal.
 26545 | WizLab   | Entered Lehudib's Moon Base
 26656 | WizLab   | Found a transporter.
 26765 | WizLab   | Noticed a quicksilver dragon
 26780 | WizLab   | Killed a quicksilver dragon
 27107 | WizLab   | Gained mutation: Your spells are a little easier to cast,
                  | but a little less powerful. [a cacodemon]
 27216 | WizLab   | Noticed a quicksilver dragon
 27239 | WizLab   | Killed a quicksilver dragon
 27240 | WizLab   | Reached skill level 23 in Dodging
 27412 | WizLab   | Lost mutation: Your spells are a little easier to cast, but
                  | a little less powerful. [potion of mutation]
 27412 | WizLab   | Gained mutation: You are agile. (Dex +4, Str/Int -1)
                  | [potion of mutation]
 27412 | WizLab   | Gained mutation: You have an increased reservoir of magic.
                  | (+10% MP) [potion of mutation]
 27412 | WizLab   | Gained mutation: You occasionally lose the ability to drink
                  | potions when taking damage. [potion of mutation]
 27412 | WizLab   | Gained mutation: You are partially covered in large bone
                  | plates. (SH +4) [potion of mutation]
 27413 | WizLab   | Lost mutation: You are partially covered in large bone
                  | plates. (SH +4) [potion of mutation]
 27413 | WizLab   | Lost mutation: You have an increased reservoir of magic.
                  | (+10% MP) [potion of mutation]
 27413 | WizLab   | Gained mutation: You are very agile. (Dex +8, Str/Int -2)
                  | [potion of mutation]
 27413 | WizLab   | Gained mutation: Your spells are a little harder to cast,
                  | but a little more powerful. [potion of mutation]
 27414 | WizLab   | Lost mutation: Your spells are a little harder to cast, but
                  | a little more powerful. [potion of mutation]
 27414 | WizLab   | Lost mutation: You are very agile. (Dex +8, Str/Int -2)
                  | [potion of mutation]
 27414 | WizLab   | Gained mutation: Your body sometimes deteriorates upon
                  | taking damage. [potion of mutation]
 27415 | WizLab   | Lost mutation: You occasionally lose the ability to drink
                  | potions when taking damage. [potion of mutation]
 27415 | WizLab   | Lost mutation: You are agile. (Dex +4, Str/Int -1) [potion
                  | of mutation]
 27415 | WizLab   | Gained mutation: You are clumsy. (Dex -2) [potion of
                  | mutation]
 27428 | WizLab   | Found a transporter.
 27622 | WizLab   | Reached XP level 18. HP: 62/104 MP: 19/19
 28532 | WizLab   | Identified the +3 helmet of Emyoff {rPois Dex+3 Stlth+}
 28747 | WizLab   | Noticed a moon troll
 28772 | WizLab   | Killed a moon troll
 29013 | WizLab   | Got Doaquom's Discourse on Bolts and the Dead
 29046 | WizLab   | Got Lehudib's Grimoire of the Scintillating Caves
 29164 | Elf:1    | Noticed Norris
 29183 | Elf:1    | Killed Norris
 29473 | Elf:1    | Reached skill level 24 in Dodging
 30052 | Elf:2    | Slain by a +1 heavy glaive

Illustrated notes

Levels and vault maps discovered:
D:1:      zelgadis_glass_arrival_small, layout_loops_cross, st_stairs_7,
          chequers_jeans, minmay_pentomino_s4
D:2:      layout_loops_corners, serial_shops, shop, kennysheep_another_room,
          minmay_statues_item, minmay_split_cup_large
D:3:      layout_loops_ring, lemuel_tele_altar, minmay_liquid_box
D:4:      layout_cave_pools, zin_academy, kennysheep_little_box,
          kennysheep_generic_room_8
D:5:      layout_cave_pools, nicolae_overflow_crystal_walls, minmay_hedge_maze,
          minmay_shop_damaged, minmay_misc_feat_chi, kennysheep_flooded_box,
          hangedman_decor_lopped
D:6:      layout_gridville
D:7:      layout_basic, mainiacjoe_overflow_six_doors_small,
          lemuel_doored_altar, minmay_temple_entry_enclosed_plants, uniq_maggie,
          uniq_jeremiah
D:8:      layout_loops_ring, mainiacjoe_overflow_24_doors,
          chequers_serial_rivers_room_b
D:9:      layout_basic, kennysheep_mini_moat, yredelemnul_altar_generic,
          erik_lair_island, kennysheep_dice
D:10:     layout_big_octagon, led_xom_imps, mainiacjoe_overflow_chevrons,
          david_orc_3, serial_shops, nicolae_shop_behind_doors,
          nzn_sisyphean_effort
D:11:     layout_basic, uniq_grum, uniq_fannar
D:12:     layout_cave_pools, gammafunk_ghost_smash, serial_shops,
          nicolae_square_shop, grunt_potential, uniq_sonja, uniq_psyche,
          uniq_azrael
D:13:     layout_basic, hellmonk_vaults_keyhole, uniq_rupert
D:14:     layout_loops_ring, special_room [special_room_mythical_zoo]
D:15:     grunt_enter_depths_hoard, layout_rooms,
          nicolae_concentric_dashed_squares_wild, grunt_decor_mini_mirrors,
          uniq_agnes, uniq_roxanne, uniq_kirke
Lair:1:   beast_lair_carwin_large_4, layout_loops_ring,
          hellmonk_guarded_unrand_zhor, grunt_megastairs_2
Lair:2:   layout_cave_pods, mainiacjoe_shoals_entry_four_pools,
          spider_nest_entry_webs, lemuel_fruit_tree
Lair:3:   layout_loops_ring, minmay_holes, st_stairs_5
Lair:4:   layout_regular_city, slime_entry_1, chequers_serial_rivers_micro_e
Lair:5:   cheibrodos_lair_end_hotspot, layout_hall_layers
Spider:1: layout_spider_delve, drop_trap
Spider:2: nicolae_spider_hilbert_zone_4 [nicolae_spider_hilbert_4_sides_2_open,
          nicolae_spider_hilbert_4_sides_1_open,
          nicolae_spider_hilbert_4_sides_1_open,
          nicolae_spider_hilbert_4_sides_1_open,
          nicolae_spider_hilbert_4_sides_1_open,
          nicolae_spider_hilbert_2_sides_1_open,
          nicolae_spider_hilbert_2_sides_1_open,
          nicolae_spider_hilbert_2_sides_1_open,
          nicolae_spider_hilbert_2_sides_1_open,
          nicolae_spider_hilbert_6_sides_1_open,
          nicolae_spider_hilbert_6_sides_1_open,
          nicolae_spider_hilbert_3_sides_1_open,
          nicolae_spider_hilbert_3_sides_1_open]
Spider:3: layout_spider_delve, hellmonk_narrow_tunnel
Spider:4: spider_rune_water, hangedman_spider_tarantella_strand
Orc:1:    layout_caves, serial_shops, nicolae_shop_peninsula, shop,
          nicolae_shop_waterfront, shop, nicolae_orc_lava_tube
Orc:2:    st_orc_open, layout_caves
Elf:1:    nicolae_elf_arrival_fired_up, layout_geoelf_octagon,
          mu_enter_wizlab_1, serial_shops, nicolae_shop_tiny_glass,
          hangedman_elven_crosses_minicolossus, uniq_norris
Elf:2:    elven_hall_of_blades_hangedman_original
          [nicolae_vaults_blade_armed_guards], layout_geoelf_octagon

Skill      XL: |  1  2  3  4  5  6  7  8  9 10 11 12 13 14 15 16 17 18 |
---------------+-------------------------------------------------------+-----
Fighting       | 2 3 4 5 7 8 10 11 12 14 15 | 15.0
Ranged Weapons | 5 6 7 9 11 12 14 16 17 18 21 23 | 23.8
Dodging        | 6 11 15 18 20 21 23 24 | 24.3
Stealth        | |  1.5

Action                     |  1- 3 |  4- 6 |  7- 9 | 10-12 | 13-15 | 16-18 || total
---------------------------+-------+-------+-------+-------+-------+-------++-------
   Fire: Shortbow          |   112 |   159 |       |       |       |       ||   271
         Hand cannon       |       |    33 |   178 |   475 |  1132 |  1263 ||  3081
  Throw: Throwing net      |       |       |       |     2 |       |       ||     2
 Invoke: Call Merchant     |       |       |       |     2 |     1 |     1 ||     4
  Evoke: Wand              |       |     2 |     7 |     2 |       |     9 ||    20
         Phantom mirror    |       |       |       |     2 |     3 |     3 ||     8
         Condenser vane    |       |       |       |       |       |     3 ||     3
    Use: Scroll            |     5 |     5 |     3 |    12 |    13 |    23 ||    61
         Potion            |       |       |       |     2 |     3 |    16 ||    21
 Armour: Robe              |    20 |    35 |     2 |       |       |       ||    57
         Steam dragon scal |       |       |    20 |    56 |     6 |       ||    82
         Animal skin       |       |       |       |       |   114 |   114 ||   228
         Troll leather arm |       |       |       |       |       |    23 ||    23
  Dodge: Dodged            |    65 |    56 |    84 |   199 |   629 |   911 ||  1944
  Block: Buckler           |       |       |       |       |    84 |   236 ||   320

Table legend: (Time is in decaauts)
 A = Elapsed time spent in this place.
 B = Non-inter-level travel time spent in this place.
 C = Inter-level travel time spent in this place.
 D = Time resting spent in this place.
 E = Time spent auto-exploring this place.
 F = Levels seen in this place.
 G = Mean time per level.
                   A        B        C        D        E       F      G
               +--------+--------+--------+--------+--------+-----+--------+
         Total |  22892 |  21776 |   1116 |   2168 |  14009 |  29 |  789.4 |
       Dungeon |   9131 |   8663 |    468 |    390 |   6346 |  15 |  608.7 |
          Lair |   4355 |   4029 |    326 |    148 |   2911 |   5 |  871.0 |
   Spider Nest |   4438 |   4238 |    200 |    835 |   2253 |   4 | 1109.5 |
  Orcish Mines |   2026 |   1952 |     74 |    470 |    896 |   2 | 1013.0 |
   Elven Halls |    881 |    835 |     46 |      0 |    554 |   2 |  440.5 |
        Wizlab |   2058 |   2058 |      0 |    324 |   1047 |   1 | 2058.0 |
               +--------+--------+--------+--------+--------+-----+--------+

Top non-repeatable levels by time:
  WizLab: 2058 daAuts
Spider:4: 1494 daAuts
  Lair:5: 1349 daAuts
   Orc:2: 1340 daAuts
Spider:1: 1086 daAuts
  Lair:2: 1003 daAuts
Spider:3: 966 daAuts
     D:9: 953 daAuts
Spider:2: 891 daAuts
    D:15: 874 daAuts
   Elf:1: 832 daAuts
    D:12: 790 daAuts
  Lair:1: 788 daAuts
     D:7: 760 daAuts
  Lair:4: 744 daAuts
